 Dungeon Crawl Stone Soup version 0.23.1-37-gaa34b87 (webtiles) character file.

Game seed: 7985802292963608853

4411 snowfan the Summoner (level 10, -6/76 HPs)
             Began as a Mummy Summoner on Mar 20, 2019.
             Was a Follower of Yredelemnul.
             Mangled by a manticore (9 damage)
             ... on level 10 of the Dungeon.
             The game lasted 01:22:38 (18058 turns).

snowfan the Summoner (Mummy Summoner)              Turns: 18058, Time: 01:22:40

Health: -6/76      AC:  5    Str: 11    XL:     10   Next: 14%
Magic:  9/22       EV: 14    Int: 18    God:    Yredelemnul [*.....]
Gold:   595        SH:  0    Dex: 17    Spells: 16/25 levels left

rFire    x . .     SeeInvis +   v - +7 lajatang of Order {silver, rMut}
rCold    + . .     Gourm    .   (shield currently unavailable)
rNeg     + + +     Faith    .   t - +0 robe
rPois    ∞         Spirit   .   (no helmet)
rElec    .         Reflect  .   m - +0 cloak
rCorr    .         Harm     .   p - +0 pair of gloves
rMut     +                      e - +0 pair of boots
MR       +....                  (no amulet)
Stlth    ++........             f - +4 ring of dexterity
HPRegen  0.22/turn              l - ring of see invisible
MPRegen  0.18/turn

@: no status effects
A: no food or potions, fire vulnerability, cold resistance 1, negative energy
resistance 3, torment resistance, unbreathing
a: Animate Remains, Renounce Religion


You were on level 10 of the Dungeon.
You worshipped Yredelemnul.
Yredelemnul was aware of your devotion.
You were not hungry.

You visited 2 branches of the dungeon, and saw 11 of its levels.

You collected 595 gold pieces.

Inventory:

Hand Weapons
 h - a +0 hunting sling
 q - a +0 dagger of venom
 v - the +7 lajatang of Order (weapon) {silver, rMut}
   (You found it on level 5 of the Dungeon)

   It protects you from mutation.
Missiles
 g - 50 sling bullets
 j - 276 stones (quivered)
Armour
 e - a +0 pair of boots (worn)
 m - a +0 cloak (worn)
 p - a +0 pair of gloves (worn)
 t - a +0 robe (worn)
Jewellery
 f - a +4 ring of dexterity (left hand)
 l - a ring of see invisible (right hand)
Wands
 k - a wand of iceblast (11)
 n - a wand of polymorph (6)
Scrolls
 a - a scroll of remove curse
 b - 3 scrolls of fear {unknown}
 c - 11 scrolls of identify
 d - 2 scrolls of teleportation
 i - 2 scrolls of enchant weapon {unknown}
 r - 2 scrolls of fog {unknown}
 s - a scroll of immolation {unknown}
 u - a scroll of magic mapping {unknown}
 w - a scroll of enchant armour {unknown}
Miscellaneous
 o - a lamp of fire


   Skills:
 + Level 6.3 Fighting
 + Level 3.5 Dodging
 - Level 1.5 Stealth
 + Level 8.1 Spellcasting
 * Level 9.6 Summonings
 + Level 2.2 Invocations


You had 16 spell levels left.
You knew the following spells:

 Your Spells              Type           Power        Failure   Level  Hunger
a - Summon Small Mammal   Summ           ####         1%          1    N/A
d - Call Canine Familiar  Summ           #####...     1%          3    N/A
g - Summon Guardian Gole  Hex/Summ       ###.....     4%          3    N/A
s - Call Imp              Summ           #####...     1%          2    N/A

Your spell library contained the following spells:

 Spells                   Type           Power        Failure   Level  Hunger
 Animate Skeleton         Necr           N/A          10%         1    N/A
 Magic Dart               Conj           #...         10%         1    N/A
 Pain                     Necr           #...         10%         1    N/A
 Summon Ice Beast         Ice/Summ       ###.....     13%         4    N/A
 Summon Lightning Spire   Summ/Air       ###.....     13%         4    N/A
 Blink                    Tloc           N/A          14%         2    N/A
 Slow                     Hex            #.......     14%         2    N/A
 Conjure Flame            Conj/Fire      #.......     28%         3    N/A
 Mephitic Cloud           Conj/Pois/Air  #.......     28%         3    N/A
 Vampiric Draining        Necr           #.........   28%         3    N/A
 Animate Dead             Necr           N/A          67%         4    N/A
 Regeneration             Chrm/Necr      Unusable     N/A         3    N/A

Dungeon Overview and Level Annotations

Branches:
Dungeon (10/15)            Temple (1/1) D:7            Lair (0/6) D:10
    Orc: D:9-12

Altars:
Ashenzari
Cheibriados
Dithmenos
Elyvilon
Gozag
Hepliaklqana
Kikubaaqudgha
Makhleb
Nemelex Xobeh
Okawaru
Qazlal
Ru
Sif Muna
Trog
Uskayaw
Vehumet
Wu Jian
Xom
Yredelemnul
Zin
The Shining One

Shops:
D:10 %

Annotations:
D:9 Gastronok


Innate Abilities, Weirdness & Mutations

You do not eat or drink.
Your flesh is vulnerable to fire.
You are immune to poison.
Your flesh is cold resistant. (rC+)
You are immune to negative energy. (rN+++)
You are immune to unholy pain and torment.
You can survive without breathing.


Message History

The manticore is moderately wounded.
Your wolf bites the manticore but does no damage.
The manticore bites you!! The manticore claws you!
The manticore closely misses you.
Your crimson imp closely misses the manticore.
You slash the manticore!
The manticore is severely wounded.
Your wolf bites the manticore.
Your wolf bites the manticore!
Your crimson imp barely misses the manticore.
The manticore bites you!! The manticore claws you!
* * * LOW HITPOINT WARNING * * *
The manticore barely misses you.
Your crimson imp barely misses the manticore.
Your wolf barely misses the manticore.
Your crimson imp blinks!
The manticore bites you!
* * * LOW HITPOINT WARNING * * *
The manticore claws you!
You die...
Yredelemnul claims you as an undead slave.

...#.....#....##............#....
...#.....#....##............#....
...#.....#....##.....####'###.###
...#.....#....##.....#........###
...#############.....#..####.⌠.⌠.
..........#### #######..# #..∩..
..........#...########..# #.⌠.⌠.
......###.#..........#..####.....
......# #.#....H@....#.........##
......# #.#...h5§....'..........!
......# #.#..........#...........
......###.#..5.......#.###.......
..........######'#####...........
...#####.........................
..5#...#..............#######...>
...'...#..............'.....#..#.
...#...#..........##..#.....#....


You could see a manticore, a friendly wolf and 2 friendly crimson imps.

Vanquished Creatures
  A two-headed ogre (D:10)
  2 trolls
  A hornet (D:8)
  2 yaks (D:9)
  A wyvern (D:10)
  A sky beast (D:6)
  3 ice beasts
  A black bear (D:10)
  2 phantoms
  An ogre (D:9)
  A centaur (D:9)
  A bullfrog (D:6)
  3 killer bees (D:6)
  A crimson imp (D:6)
  A bullfrog zombie (D:5)
  3 orc wizards
  A hound (D:7)
  An iguana (D:10)
  A worker ant (D:6)
  A hound skeleton (D:6)
  A howler monkey zombie (D:7)
  An adder (D:7)
  A worm (D:2)
  4 leopard geckos
  3 orcs
  2 bats (D:3)
  3 hobgoblins
  4 jackals (D:9)
  3 quokkas
  A leopard gecko skeleton (D:5)
52 creatures vanquished.

Vanquished Creatures (collateral kills)
  A two-headed ogre (D:9)
  A hornet (D:10)
  A yak (D:9)
  The ghost of Irenicus the Digger, an amateur DDEE (D:4)
  2 hungry ghosts
  A soldier ant (D:8)
  An orc warrior (D:10)
  An ice beast (D:3)
  A sky beast (D:8)
  A necrophage (D:9)
  5 ogres
  3 centaurs (D:9)
  5 bullfrogs
  A wyvern skeleton (D:10)
  A scorpion (D:4)
  2 killer bees (D:7)
  5 wights (D:9)
  4 howler monkeys
  A quasit (D:9)
  3 hounds
  A jelly (D:10)
  6 orc priests
  2 iguanas
  5 orc wizards
  5 worker ants
  A hound skeleton (D:6)
  10 gnolls
  2 worker ant zombies
  13 adders
  3 shadow imps
  An ooze (D:5)
  2 adder skeletons
  2 worms
  2 dart slugs
  4 leopard geckos
  29 orcs
  4 giant cockroaches (D:2)
  5 goblins
  4 hobgoblins
  2 jackals (D:4)
  3 quokkas
  6 bats
  A frilled lizard (D:1)
  17 kobolds
  7 rats
  A plant (D:7)
179 creatures vanquished.

Grand Total: 231 creatures vanquished

Notes
Turn   | Place    | Note
-------+----------+-------------------------------------------
     0 | D:1      | snowfan the Mummy Summoner began the quest for the Orb.
     0 | D:1      | Reached XP level 1. HP: 13/13 MP: 4/4
   806 | D:1      | Reached XP level 2. HP: 20/20 MP: 0/6
  1530 | D:2      | Reached skill level 1 in Fighting
  1810 | D:2      | Reached XP level 3. HP: 26/26 MP: 1/7
  1814 | D:2      | Learned a level 2 spell: Call Imp
  1818 | D:2      | Learned a level 3 spell: Call Canine Familiar
  2279 | D:2      | Reached XP level 4. HP: 17/33 MP: 2/9
  3660 | D:3      | Reached skill level 4 in Summonings
  4081 | D:3      | Noticed an ice beast
  4134 | D:3      | Killed an ice beast
  4134 | D:3      | Reached XP level 5. HP: 37/38 MP: 4/11
  4750 | D:4      | Noticed an ogre
  4759 | D:4      | Killed an ogre
  4759 | D:4      | Reached skill level 5 in Summonings
  5035 | D:4      | Noticed an ogre
  5045 | D:4      | Killed an ogre
  5045 | D:4      | Reached XP level 6. HP: 44/44 MP: 1/12
  5160 | D:4      | Found a runed translucent gate.
  5162 | D:4      | Found a runed translucent gate.
  5162 | D:4      | Found a runed translucent gate.
  5162 | D:4      | Noticed Irenicus's ghost (amateur DDEE)
  5238 | D:4      | Found an iron altar of Okawaru.
  5463 | D:4      | Learned a level 3 spell: Summon Guardian Golem
  5858 | D:4      | Killed Irenicus's ghost
  5858 | D:4      | Reached skill level 6 in Summonings
  5969 | D:5      | Entered Level 5 of the Dungeon
  6337 | D:5      | Found the +7 lajatang of Order {silver, rMut}
  6571 | D:5      | Reached XP level 7. HP: 45/50 MP: 2/13
  6608 | D:5      | Noticed a troll
  6641 | D:6      | Found a hide-covered altar of Uskayaw.
  6641 | D:6      | Noticed a +0 hand axe
  6641 | D:6      | Noticed a +0 dagger
  7286 | D:6      | Found a sacrificial altar of Ru.
  7455 | D:6      | Reached skill level 7 in Summonings
  7663 | D:5      | Reached skill level 5 in Spellcasting
  7686 | D:5      | Reached XP level 8. HP: 52/58 MP: 7/15
  8018 | D:5      | Killed a troll
  8839 | D:7      | Noticed a manticore
  9362 | D:7      | Found a staircase to the Ecumenical Temple.
  9380 | Temple   | Entered the Ecumenical Temple
  9863 | Temple   | Became a worshipper of Yredelemnul the Dark
 10487 | D:7      | Found an ornate altar of the Wu Jian Council.
 10487 | D:7      | Found a burning altar of Makhleb.
 10487 | D:7      | Found a shimmering altar of Xom.
 10516 | D:7      | Reached skill level 8 in Summonings
 12302 | D:7      | HP: 1/61 [something (4)]
 13677 | D:8      | Found a deep blue altar of Sif Muna.
 13777 | D:8      | Noticed a hornet
 13804 | D:8      | Killed a hornet
 13804 | D:8      | Reached skill level 5 in Fighting
 13804 | D:8      | Reached XP level 9. HP: 30/68 MP: 2/19
 14071 | D:9      | Noticed a two-headed ogre
 14092 | D:9      | Killed a two-headed ogre
 14220 | D:9      | Noticed a troll
 14349 | D:9      | Killed a troll
 14479 | D:9      | Reached skill level 9 in Summonings
 14494 | D:9      | Reached * piety under Yredelemnul
 14524 | D:9      | Noticed Gastronok
 15180 | D:9      | Reached skill level 1 in Invocations
 16893 | D:10     | Entered Level 10 of the Dungeon
 17026 | D:10     | Found Maufalur's Food Boutique.
 17232 | D:10     | Reached XP level 10. HP: 69/76 MP: 9/21
 17370 | D:10     | Noticed a two-headed ogre
 17411 | D:10     | Killed a two-headed ogre
 17670 | D:10     | Found a staircase to the Lair.
 18039 | D:10     | Noticed a manticore
 18058 | D:10     | HP: 3/76 [manticore (12)]
 18058 | D:10     | Mangled by a manticore

Skill      XL: |  1  2  3  4  5  6  7  8  9 10 |
---------------+-------------------------------+-----
Spellcasting   | 3 4 5 6 7 8 |  8.1
Fighting       | 1 2 3 5 6 |  6.3
Summonings     | 4 5 6 7 8 9 |  9.6
Dodging        | 3 |  3.5
Invocations    | 1 2 |  2.2
Stealth        | |  1.5

Action                   |  1- 3 |  4- 6 |  7- 9 | 10-12 || total
-------------------------+-------+-------+-------+-------++-------
Melee: Short sword       |    10 |       |       |       ||    10
       War axe           |    16 |     4 |       |       ||    20
       Dagger            |       |    23 |       |       ||    23
       Lajatang          |       |     5 |   113 |    13 ||   131
 Cast: Summon Small Mamm |    66 |    11 |     5 |     1 ||    83
       Call Imp          |     9 |    76 |   148 |    15 ||   248
       Call Canine Famil |     1 |    24 |    83 |    12 ||   120
       Summon Guardian G |       |     6 |     6 |       ||    12
Evoke: Wand              |       |       |     1 |       ||     1
  Use: Scroll            |       |       |    10 |       ||    10
 Stab: Distracted        |     1 |       |     4 |       ||     5
       Sleeping          |       |       |     2 |       ||     2
Armor: Robe              |    16 |    17 |    59 |     3 ||    95
Dodge: Dodged            |    26 |    48 |   164 |    12 ||   250
